 Dungeon Crawl Stone Soup version 0.19.5 (webtiles) character file.

6752 Lostpass the Covert (level 11, -2/66 HPs)
             Began as a Kobold Assassin on Mar 12, 2017.
             Was an Elder of Fedhas.
             Slain by a black mamba (11 damage)
             ... on level 1 of the Lair of Beasts.
             The game lasted 01:48:20 (12969 turns).

Lostpass the Covert (Kobold Assassin)              Turns: 12969, Time: 01:48:21

Health: -2/66      AC: 14    Str: 10    XL:     11   Next: 24%
Magic:  15/15      EV: 20    Int: 11    God:    Fedhas [****..]
Gold:   528        SH:  0    Dex: 18    Spells: 2 memorised, 13 levels left

rFire  . . .     SeeInvis +     h - +3 short sword (protect)
rCold  . . .     Gourm    .     s - +0 leather armour
rNeg   . . .     Faith    .     (shield restricted)
rPois  +         Spirit   .     (no helmet)
rElec  .         Reflect  .     O - +1 cloak
rCorr  .         Harm     .     (no gloves)
MR     .....     Rnd*Rage +     p - +0 pair of boots
Stlth  +++++.....               T - amulet of magic regeneration
                                i - ring of poison resistance
                                v - ring of see invisible

@: protection aura
A: berserk 1, blink, carnivore 3, dopey 1, sense surroundings 1
a: Blink, Fungal Bloom, Evolution, Sunlight, Growth, Reproduction, Renounce
Religion


You were on level 1 of the Lair of Beasts.
You worshipped Fedhas.
Fedhas was greatly pleased with you.
You were completely stuffed.

You visited 3 branches of the dungeon, and saw 11 of its levels.
You also visited: Sewer and Ossuary.

You collected 668 gold pieces.
You spent 140 gold pieces at shops.

Inventory:

Hand Weapons
 a - a +2 dagger of electrocution
 b - a +0 blowgun
 h - a +3 short sword of protection (weapon)
 C - a +3 dagger
 H - a +2 scimitar of holy wrath
Missiles
 f - 7 curare-tipped needles
 j - 20 stones
 k - 47 poisoned needles
 G - 7 tomahawks (quivered)
Armour
 p - a +0 pair of boots (worn)
 s - a +0 leather armour (worn)
 O - a +1 cloak (worn)
Jewellery
 i - a ring of poison resistance (right hand)
 q - an uncursed ring of protection from fire
 v - a ring of see invisible (left hand)
 y - an uncursed ring of magical power
 N - an uncursed amulet of harm
 T - an amulet of magic regeneration (around neck)
Wands
 x - a wand of polymorph (4/24)
 I - a wand of slowing (16/48)
 M - a wand of lightning (2/15)
Scrolls
 c - 4 scrolls of remove curse
 d - a scroll of enchant weapon
 e - 6 scrolls of teleportation
 o - 2 scrolls of amnesia
 J - 2 scrolls of fog
 K - a scroll of magic mapping
 L - 4 scrolls of fear
 P - 2 scrolls of enchant armour
 Q - 3 scrolls of immolation
 R - a scroll of recharging
 S - a scroll of identify
Potions
 l - a potion of agility
 n - 6 potions of flight
 t - 2 potions of berserk rage
 w - 2 potions of cure mutation
 z - 3 potions of might
 A - 7 potions of curing
 B - a potion of haste
Books
 E - a book of Debilitation

   Spells                             Type                      Level
   a - Corona                         Hexes                        1
   b - Slow                           Hexes                        2
   c - Gell's Gravitas                Hexes/Translocation          3
   d - Inner Flame                    Hexes/Fire                   3
   e - Cause Fear                     Hexes                        4
   f - Leda's Liquefaction            Hexes/Earth                  4
Comestibles
 g - 4 meat rations
 m - a fruit
 r - 3 beef jerkies
 u - 2 royal jellies
 F - 9 slices of pizza


   Skills:
 + Level 6.7 Fighting
 + Level 9.7 Short Blades
 + Level 4.1 Throwing
 + Level 5.0 Armour
 * Level 7.7 Dodging
 + Level 10.5 Stealth
 + Level 3.1 Spellcasting
 + Level 4.3 Hexes
 + Level 4.9 Invocations
 + Level 0.2 Evocations


You had 13 spell levels left.
You knew the following spells:

 Your Spells              Type           Power        Failure   Level  Hunger
a - Corona                Hex            ##.....      8%          1    #......
b - Slow                  Hex            ##......     10%         2    ###....


Dungeon Overview and Level Annotations

Branches:
Dungeon (9/15)             Temple (1/1) D:4            Lair (1/6) D:9
    Orc: D:9-12

Altars:
Ashenzari
Cheibriados
Dithmenos
Elyvilon
Fedhas
Gozag
Hepliaklqana
Kikubaaqudgha
Makhleb
Nemelex Xobeh
Okawaru
Qazlal
Ru
Sif Muna
Trog
Uskayaw
Vehumet
Xom
Yredelemnul
Zin
The Shining One

Shops:
D:6 =[?*[


Innate Abilities, Weirdness & Mutations

You are small and have problems with some larger weapons.
You are carnivorous and can eat meat at any time.
You tend to lose your temper in combat.
You can translocate small distances at will.
You are dopey. (Int -2)
You passively map a small area around you.


Message History

Your leather armour prevents you from hitting the black mamba.
The black mamba is lightly wounded.
The black mamba completely misses you.
You barely miss the black mamba.
The black mamba is lightly wounded.
The black mamba closely misses you.
You hit the black mamba.
Your weapon exudes an aura of protection.
The black mamba is moderately wounded.
The black mamba bites you!
You hit the black mamba.
The black mamba is moderately wounded.
The black mamba bites you!
You hit the black mamba but do no damage.
The black mamba is moderately wounded.
The black mamba bites you!
* * * LOW HITPOINT WARNING * * *
The black mamba bites you!
You die...
Fedhas appreciates your contribution to the ecosystem.

#.........##
* *
##........#
* #........#
* #........#
* #........#
#........# ,
#........#
#........# *
#......@.#
***
##......S.#
#.........#
##......(.#
* #........#
,
##......(.#
*
#P........#
, * *
##........#
> *
#........# *


You could see a black mamba.

Vanquished Creatures
  A spiny frog (Lair:1)
  A hornet (D:9)
  A hippogriff (D:7)
  A shadow (D:7)
  3 yaks (Lair:1)
  4 hogs (D:9)
  A human (D:9)
  Menkaure (D:6)
  Edmund (D:6)
  Duvessa (D:7)
  2 hell hounds (D:9)
  2 water moccasins
  4 orc warriors
  2 sky beasts (D:9)
  4 phantoms
  3 ogres
  3 centaurs
  4 big kobolds
  5 bullfrogs
  Dowan (D:7)
  2 scorpions
  5 howler monkeys
  4 crimson imps
  4 hounds
  2 jellies
  9 orc priests
  3 bullfrog skeletons
  A centaur skeleton (D:8)
  3 iguanas
  7 orc wizards
  8 worker ants
  2 big kobold skeletons (Ossuary)
  3 hound skeletons
  4 mummies
  11 gnolls
  12 adders
  A shadow imp (D:9)
  An ooze (D:1)
  2 adder skeletons (Ossuary)
  An adder zombie (D:5)
  3 dart slugs (D:1)
  3 worms
  10 leopard geckos
  38 orcs
  11 giant cockroaches
  A gnoll skeleton (Ossuary)
  12 goblins
  6 hobgoblins
  21 jackals
  6 quokkas
  4 ball pythons
  8 bats
  9 frilled lizards
  4 goblin skeletons (Ossuary)
  4 hobgoblin skeletons (Ossuary)
  2 jackal skeletons
  27 kobolds
  4 kobold skeletons
  A leopard gecko skeleton (D:9)
  3 quokka skeletons
  2 quokka zombies
  7 rats
  A rat skeleton (Ossuary)
317 creatures vanquished.

Vanquished Creatures (others)
  A necrophage (D:7)
  An orc wizard (D:6)
  133 toadstools
135 creatures vanquished.

Grand Total: 452 creatures vanquished

Notes
Turn   | Place    | Note
-------+----------+-------------------------------------------
     0 | D:1      | Lostpass the Kobold Assassin began the quest for the Orb.
     0 | D:1      | Reached XP level 1. HP: 12/12 MP: 1/1
   380 | D:1      | Reached XP level 2. HP: 8/17 MP: 2/2
   617 | D:1      | Reached XP level 3. HP: 6/21 MP: 3/3
  1271 | D:1      | Reached skill level 1 in Armour
  1331 | D:1      | Reached XP level 4. HP: 24/27 MP: 4/4
  2365 | D:3      | Reached XP level 5. HP: 32/32 MP: 5/5
  2546 | D:3      | Reached skill level 6 in Stealth
  2636 | D:3      | Noticed a phantom
  2655 | D:3      | Killed a phantom
  2655 | D:3      | Reached XP level 6. HP: 28/37 MP: 6/6
  4013 | D:4      | Found a staircase to the Ecumenical Temple.
  4015 | D:4      | Reached skill level 5 in Short Blades
  4015 | D:4      | Reached XP level 7. HP: 41/41 MP: 7/7
  4158 | Temple   | Entered the Ecumenical Temple
  4277 | Temple   | Became a worshipper of Fedhas Madash
  4537 | D:4      | Reached skill level 1 in Spellcasting
  4988 | D:4      | Learned a level 1 spell: Corona
  5091 | D:5      | Entered Level 5 of the Dungeon
  5151 | D:5      | Reached * piety under Fedhas
  5396 | D:5      | Reached XP level 8. HP: 48/48 MP: 10/10
  5400 | D:5      | Reached skill level 7 in Stealth
  5703 | D:6      | Reached skill level 1 in Invocations
  5720 | D:6      | Found Tuixi's Magic Scroll Boutique.
  5732 | D:6      | Bought a scroll of magic mapping for 42 gold pieces
  5732 | D:6      | Bought a scroll of identify for 24 gold pieces
  5732 | D:6      | Bought a scroll of fog for 24 gold pieces
  5732 | D:6      | Bought a scroll of identify for 24 gold pieces
  5760 | D:6      | Found Gauq's General Store.
  5793 | D:6      | Found Aghig's Antique Armour Boutique.
  5796 | D:6      | Reached skill level 1 in Hexes
  5831 | D:6      | Found a glowing drain.
  5865 | Sewer    | Entered a sewer
  6300 | D:6      | Noticed Edmund
  6312 | D:6      | Killed Edmund
  6312 | D:6      | Reached skill level 5 in Dodging
  6313 | D:6      | Reached XP level 9. HP: 28/52 MP: 12/12
  6320 | D:6      | Reached ** piety under Fedhas
  6368 | D:6      | Found Keoczuf's Jewellery Emporium.
  6379 | D:6      | Reached skill level 8 in Stealth
  6537 | D:6      | Found Paptunk's Antique Armour Shoppe.
  6544 | D:6      | Learned a level 2 spell: Slow
  6551 | D:6      | Bought a scroll of identify for 26 gold pieces
  6590 | D:6      | Noticed Menkaure
  6598 | D:6      | Killed Menkaure
  6981 | D:7      | Reached skill level 5 in Fighting
  7055 | D:7      | Found a sand-covered staircase.
  7085 | Ossuary  | Entered an ossuary
  7306 | Ossuary  | Reached *** piety under Fedhas
  7843 | D:7      | Found a bloodstained altar of Trog.
  8092 | D:7      | Noticed a hippogriff
  8110 | D:7      | Noticed Dowan
  8153 | D:7      | Noticed Duvessa
  8157 | D:7      | Killed Dowan
  8165 | D:7      | Killed Duvessa
  8186 | D:7      | Killed a hippogriff
  8345 | D:7      | Reached skill level 9 in Stealth
  8356 | D:7      | Reached XP level 10. HP: 17/60 MP: 13/13
  8932 | D:7      | Reached **** piety under Fedhas
 10424 | D:9      | Found a staircase to the Lair.
 11787 | D:9      | Reached XP level 11. HP: 65/65 MP: 14/14
 11936 | D:9      | Reached skill level 5 in Armour
 11941 | D:9      | Gained mutation: You passively map a small area around you. [mutagenic meat]
 11942 | D:9      | Gained mutation: You are dopey. (Int -2) [mutagenic meat]
 11943 | D:9      | Gained mutation: You tend to lose your temper in combat. [mutagenic meat]
 11944 | D:9      | Gained mutation: You can translocate small distances at will. [mutagenic meat]
 12289 | D:9      | Reached skill level 10 in Stealth
 12479 | Lair:1   | Entered Level 1 of the Lair of Beasts
 12969 | Lair:1   | Slain by a black mamba

Skill      XL: |  1  2  3  4  5  6  7  8  9 10 11 |
---------------+----------------------------------+-----
Short Blades   | 3 4 5 6 8 9 |  9.7
Armour         | 1 2 3 4 5 |  5.0
Dodging        | 2 3 4 5 7 |  7.7
Stealth        | 6 7 9 10 | 10.5
Fighting       | 3 4 5 6 |  6.7
Throwing       | 3 4 |  4.1
Spellcasting   | 1 2 3 |  3.1
Invocations    | 1 3 4 |  4.9
Hexes          | 1 2 4 |  4.3
Evocations     | |  0.2

Action                   |  1- 3 |  4- 6 |  7- 9 | 10-12 || total
-------------------------+-------+-------+-------+-------++-------
Melee: Dagger            |    53 |   216 |   369 |   286 ||   924
       Short sword       |    42 |       |     3 |   148 ||   193
 Fire: Blowgun           |    13 |    18 |    12 |    21 ||    64
Throw: Stone             |     7 |    40 |    14 |     2 ||    63
       Tomahawk          |       |       |       |     7 ||     7
 Cast: Corona            |       |       |       |     4 ||     4
       Slow              |       |       |       |     1 ||     1
Invok: Fungal Bloom      |       |       |    32 |    24 ||    56
       Sunlight          |       |       |     1 |     5 ||     6
 Abil: Blink             |       |       |       |     1 ||     1
Evoke: Wand              |       |       |       |     2 ||     2
  Use: Scroll            |     4 |     4 |    12 |     3 ||    23
       Potion            |     2 |     2 |     7 |     6 ||    17
 Stab: Sleeping          |     2 |     5 |    29 |    15 ||    51
       Distracted        |     1 |     2 |     2 |     2 ||     7
  Eat: Chunk             |     9 |     7 |    17 |    19 ||    52
Armor: Leather armour    |    15 |    13 |    41 |    39 ||   108
       Robe              |     2 |    14 |       |       ||    16
Dodge: Dodged            |    46 |   103 |   202 |   209 ||   560
